AoeStats
← AiM | CanvaL

Arabia

509153497Analyzed
1v1 RM · 7d ago on Sep 25, 2026· 22m 45s· 2 players
Game mode
Random Map
Map size
Tiny (2 player)
Population
200
Speed
Normal
Resources
Standard
Victory
Conquest
Starting age
Dark Age
Ending age
Imperial Age
RankedLock teamsTeams togetherTeam positionsShared explorationLock speedFull tech treeHidden civsTurbo modeCheats
Victory
Defeat
🇨🇳 Huns · China
1544
+16
🇨🇱 Hindustanis · Chile
1539
-16
AiM | CanvaL
3:12 Loom
9:32 Feudal Age
9:38 Man-at-Arms
12:50 Double-Bit Axe
23:51 Castle Age
民办大A
6:25 Loom
8:58 Feudal Age
9:29 Double-Bit Axe
9:28 Horse Collar
20:59 Castle Age
19:24 Fletching
20:31 Bloodlines
20:45 Padded Archer Armor
20:37 Gold Mining
22:32 Bow Saw
Connection lost

Rejoining the realm…

Still unreachable

The connection could not be restored.

Session expired

The server has moved on; the page needs a fresh start.